 Dungeon Crawl Stone Soup version 0.31.0-11-ge490571c62 (webtiles) character file.

Game seed: 17673158446621270070

1471 qw the Skirmisher (level 8, -1/39 (42) HPs)
             Began as a Spriggan Hunter on Feb 5, 2024.
             Was a Believer of Okawaru.
             Slain by a wight
             ... wielding a +2 flail of protection
              (9 damage)
             ... on level 6 of the Dungeon.
             The game lasted 00:01:13 (4657 turns).

qw the Skirmisher (Spriggan Hunter)                 Turns: 4657, Time: 00:01:13

HP:   -1/39 (42)    AC:  8    Str:  7    XL:     8   Next: 49%
MP:   12/12         EV: 23    Int: 11    God:    Okawaru [**....]
Gold: 204           SH:  0    Dex: 20    Spells: 7/7 levels left

rFire   + . .        a - +0 shortbow
rCold   . . .        (shield currently unavailable)
rNeg    . . .        n - +1 robe {rF+}
rPois   +            (helmet restricted)
rElec   .            i - +0 cloak
rCorr   .            (gloves unavailable)
SInv    +            (boots unavailable)
Will    +....        (no amulet)
Stlth   ++           h - ring of poison resistance
HPRegen 0.26/turn    d - +4 ring of protection
MPRegen 0.13/turn

%: no passive effects
@: drained, very quick
A: very small, no large weapons, unfitting armour, see invisible, speed 3
a: Renounce Religion, Heroism


You were on level 6 of the Dungeon.
You worshipped Okawaru.
Okawaru was pleased with you.
You visited 1 branch of the dungeon, and saw 6 of its levels.

You collected 253 gold pieces.
You spent 49 gold pieces at shops.


Innate Abilities, Weirdness & Mutations

You are very small and have problems with some larger weapons.
You are too small for most types of armour.
You have supernaturally acute eyesight. (SInv)
You cover ground extremely quickly. (Speed+++)


   Skills:
 - Level 3.7 Fighting
 - Level 8.0 Ranged Weapons
 + Level 7.6 Dodging
 - Level 1.5 Stealth
 - Level 4.0 Invocations


You had 7 spell levels left.
You didn't know any spells.
Your spell library was empty.

Inventory:

Hand Weapons
 a - a +0 shortbow (weapon)
Armour
 i - a +0 cloak (worn)
 n - a +1 robe of fire resistance (worn)
Jewellery
 d - a +4 ring of protection (right hand)
 h - a ring of poison resistance (left hand)
Wands
 b - a wand of acid (9)
 g - a wand of charming (5)
 j - a wand of flame (10)
Scrolls
 c - a scroll of silence {unknown}
 m - a scroll of teleportation
Potions
 e - a potion of mutation {unknown}
 f - a potion of heal wounds
 k - a potion of enlightenment {unknown}
 l - a potion of curing

Dungeon Overview and Level Annotations

Branches:
Dungeon (6/15)             Temple (0/1) D:5

Altars:
Ashenzari
Elyvilon
Fedhas
Okawaru
Sif Muna
Uskayaw
Xom
The Shining One

Shops:
D:4 *

Annotations:
D:2 1 runed translucent door, Crazy Yiuf


Message History

The wight barely misses you. The wight completely misses you.
You shoot an arrow.
The arrow hits the wight but does no damage.
The wight is severely damaged.
You shoot an arrow. The arrow hits the wight!
You destroy the wight!
Okawaru accepts your kill. The wight completely misses you.
You shoot an arrow. The arrow hits the wight.
The wight is lightly damaged.
The wight barely misses you.
The wight hits you with a +2 flail of protection.
You shoot an arrow. The arrow hits the wight.
The wight is moderately damaged.
The wight misses you. The wight completely misses you.
You shoot an arrow. The arrow barely misses the wight.
You shoot an arrow. The arrow hits the wight!
You destroy the wight!
Okawaru accepts your kill. The wight misses you.
Your base Ranged Weapons skill increases to level 8!
You shoot an arrow. The arrow closely misses the wight.
You feel like a meek peon again. The wight completely misses you.
The wight misses you.
You shoot an arrow. The arrow hits the wight.
The wight is lightly damaged.
The wight hits you but does no damage.
The wight hits you with a +2 flail of protection.
You feel drained.
You shoot an arrow. The arrow hits the wight.
The wight is heavily damaged.
The wight closely misses you. The wight barely misses you.
You shoot an arrow.
The arrow hits the wight but does no damage.
The wight is heavily damaged.
The wight barely misses you. The wight misses you.
You shoot an arrow. The arrow closely misses the wight.
The wight hits you with a +0 hand axe.
The wight hits you with a +2 flail of protection!
You die...

... #..... #.....##
..# #......z
...##.#.....##
.............## .
#.........#..# ...
#.......##z.#.....
#........@z........
#...##..##........
##....#<####.......
#........# .......
#..................
...........#..###....
.........####.# ....
.......### ... .<
....... #..


You could see 2 wights.

Vanquished Creatures
  An unseen horror (D:5)
  Sigmund (D:2)
  A black bear (D:5)
  A phantom (D:5)
  A bullfrog (D:5)
  A gnoll sergeant (D:5)
  3 wights (D:6)
  A bombardier beetle (D:4)
  A jelly (D:3)
  2 hounds (D:5)
  4 iguanas
  Ijyb (D:4)
  2 orc wizards (D:4)
  6 gnolls
  15 adders
  2 white imps
  2 dart slugs
  4 orcs
  9 bats
  16 endoplasms
  A giant cockroach (D:1)
  11 hobgoblins
  21 kobolds
  2 quokkas
  11 ball pythons
  3 frilled lizards
  7 goblins
  9 rats
139 creatures vanquished.

Notes
Turn   | Place    | Note
-------+----------+-------------------------------------------
     0 | D:1      | qw the Spriggan Hunter began the quest for the Orb.
     0 | D:1      | Reached XP level 1. HP: 10/10 MP: 2/2
     0 | D:1      | 0 ||| qw: Version: 0.3-a-160-g6735b56
     0 | D:1      | 0 ||| qw: Game counter: 6256
     0 | D:1      | 0 ||| qw: Melee chars always use a shield: true
     0 | D:1      | 0 ||| qw: God list: Okawaru
     0 | D:1      | 0 ||| qw: Allow faded altars: false
     0 | D:1      | 0 ||| qw: Do Orc after clearing Dungeon:15 true
     0 | D:1      | 0 ||| qw: Do second Lair branch before Depths: true
     0 | D:1      | 0 ||| qw: Lair rune preference: random
     0 | D:1      | 0 ||| qw: Goals: Normal
     0 | D:1      | 0 ||| PLANNING D:1-11
    88 | D:1      | Reached skill level 3 in Dodging
   187 | D:1      | Reached XP level 2. HP: 14/14 MP: 3/3
   784 | D:1      | 784 ||| UPGRADING to ring of poison resistance.
   785 | D:1      | 785 ||| READING scroll labelled XOYP BAWNAECA.
   785 | D:1      | 785 ||| IDENTIFYING purple potion
   786 | D:1      | 786 ||| READING 2 scrolls labelled WUGHUWU FIQOQ.
   789 | D:1      | 789 ||| READING scroll labelled OFACSO ANINLOM.
   790 | D:1      | 790 ||| DROPPING scroll of butterflies.
   791 | D:1      | 791 ||| DROPPING potion of lignification.
   797 | D:2      | 797 ||| STAIRDANCE
   801 | D:2      | 801 ||| STAIRDANCE
   873 | D:2      | Noticed Sigmund
   882 | D:2      | HP: 1/14 [kobold/+0 mace (6)]
   883 | D:2      | 883 ||| READING scroll of teleportation.
   909 | D:2      | Reached XP level 3. HP: 9/18 MP: 4/4
  1133 | D:2      | Reached skill level 5 in Ranged Weapons
  1248 | D:2      | Found a runed translucent door.
  1249 | D:2      | Identified the +3 hammer "Gohelac" {freeze, rPois rN+ MP-9}
  1249 | D:2      | Noticed Crazy Yiuf
  1282 | D:2      | Reached XP level 4. HP: 19/22 MP: 5/5
  1309 | D:2      | 1309 ||| RETREEEEATING.
  1324 | D:2      | 1324 ||| DRINKING 3 brown potions.
  1325 | D:2      | 1325 ||| DRINKING viscous inky potion.
  1340 | D:2      | HP: 5/22 [Sigmund/+0 scythe (2)]
  1341 | D:2      | 1341 ||| DRINKING 2 potions of heal wounds.
  1343 | D:2      | Killed Sigmund
  1344 | D:2      | Reached skill level 3 in Fighting
  1344 | D:2      | Reached XP level 5. HP: 29/29 MP: 6/6
  1390 | D:2      | Reached XP level 6. HP: 33/33 MP: 7/7
  2101 | D:3      | You fall into a shaft and drop 3 floors!
  2103 | D:6      | 2103 ||| UPGRADING to +4 ring of protection.
  2106 | D:6      | 2106 ||| STAIRDANCE
  2107 | D:5      | Entered Level 5 of the Dungeon
  2229 | D:4      | Found an iron altar of Okawaru.
  2517 | D:3      | Found a glowing golden altar of the Shining One.
  2517 | D:3      | Found a blossoming altar of Fedhas.
  2517 | D:3      | Found a shimmering altar of Xom.
  2517 | D:3      | Found a hide-covered altar of Uskayaw.
  2517 | D:3      | Found a shimmering blue altar of Sif Muna.
  2517 | D:3      | Found a white marble altar of Elyvilon.
  2528 | D:3      | 2528 ||| FLEEEEING.
  2532 | D:3      | 2532 ||| FLEEEEING.
  2534 | D:3      | 2534 ||| FLEEEEING.
  2535 | D:3      | 2535 ||| FLEEEEING.
  2536 | D:3      | 2536 ||| FLEEEEING.
  2537 | D:3      | 2537 ||| FLEEEEING.
  2538 | D:3      | 2538 ||| FLEEEEING.
  2539 | D:3      | 2539 ||| FLEEEEING.
  2637 | D:3      | Reached skill level 6 in Ranged Weapons
  2911 | D:4      | 2911 ||| PLANNING OKAWARU WORSHIP
  2915 | D:4      | Became a worshipper of Warmaster Okawaru
  2916 | D:4      | 2916 ||| PLANNING D:1-11
  3013 | D:4      | Found Vuplypp's General Store.
  3018 | D:4      | Found Gir Feips's Specific Store.
  3022 | D:4      | 3022 ||| SHOPLISTING amulet of guardian spirit (420 gold,
                  | have 156).
  3022 | D:4      | 3022 ||| SHOPLISTING wand of acid (8) (470 gold, have 156).
  3026 | D:4      | 3026 ||| BUYING +0 cloak (49 gold).
  3026 | D:4      | Bought a +0 cloak for 49 gold pieces
  3119 | D:4      | Reached skill level 6 in Dodging
  3163 | D:4      | Noticed Ijyb
  3172 | D:4      | Killed Ijyb
  3173 | D:4      | Reached XP level 7. HP: 26/37 MP: 8/8
  3174 | D:4      | 3174 ||| DRINKING blue potion.
  3175 | D:4      | 3175 ||| DRINKING amethyst potion.
  3182 | D:4      | 3182 ||| ZAPPING wand of flame (16) at 0,1 (orc wizard;
                  | floor).
  3183 | D:4      | 3183 ||| ZAPPING wand of flame (15) at 0,1 (orc wizard;
                  | floor).
  3184 | D:4      | 3184 ||| ZAPPING wand of flame (14) at 0,1 (orc wizard;
                  | floor).
  3185 | D:4      | 3185 ||| ZAPPING wand of flame (13) at 0,1 (orc wizard;
                  | floor).
  3186 | D:4      | 3186 ||| ZAPPING wand of flame (12) at 0,1 (orc wizard;
                  | floor).
  3187 | D:4      | 3187 ||| ZAPPING wand of flame (11) at 0,1 (orc wizard;
                  | floor).
  3769 | D:4      | 3769 ||| UPGRADING to +0 cloak.
  3888 | D:5      | Reached * piety under Okawaru
  3979 | D:5      | Reached skill level 7 in Ranged Weapons
  3979 | D:5      | Reached skill level 1 in Invocations
  4141 | D:5      | Found a staircase to the Ecumenical Temple.
  4160 | D:5      | Found a broken altar of Ashenzari.
  4174 | D:5      | Noticed an unseen horror
  4175 | D:5      | 4175 ||| INVOKING Heroism.
  4190 | D:5      | Killed an unseen horror
  4191 | D:5      | Reached skill level 3 in Invocations
  4191 | D:5      | Reached XP level 8. HP: 42/42 MP: 8/11
  4351 | D:5      | Reached ** piety under Okawaru
  4367 | D:5      | 4367 ||| FLEEEEING.
  4368 | D:5      | 4368 ||| FLEEEEING.
  4556 | D:5      | 4556 ||| UPGRADING to +1 robe of fire resistance.
  4566 | D:5      | 4566 ||| DROPPING +0 robe.
  4567 | D:5      | 4567 ||| DRINKING 2 fuming blue potions.
  4630 | D:6      | 4630 ||| RETREEEEATING.
  4631 | D:6      | 4631 ||| RETREEEEATING.
  4637 | D:6      | 4637 ||| INVOKING Heroism.
  4653 | D:6      | Reached skill level 8 in Ranged Weapons
  4657 | D:6      | HP: 8/39 [wight/+0 hand axe (3)]
  4657 | D:6      | Slain by a wight

Levels and vault maps discovered:
D:1:      saegor_arrival_simple_c, layout_basic
D:2:      minmay_recursive_quarters, layout_rooms, grunt_ministairs_7,
          lexackson_kobold_supper, uniq_crazy_yiuf_cottage, uniq_sigmund
D:3:      cheibrodos_fertilizer, layout_basic
D:4:      layout_basic, okawaru_metal_pillars_1_2, nicolae_specific_store,
          uniq_ijyb
D:5:      layout_loops_cross, kennysheep_mini_moat,
          minmay_temple_entry_glassed_door,
          nicolae_concentric_dashed_squares_mild,
          minmay_fractal_squares_gapless_5
D:6:      layout_cave_pools, dreamdust_gnoll_farm

Skill      XL: |  1  2  3  4  5  6  7  8 |
---------------+-------------------------+-----
Dodging        | 3 4 5 6 7 |  7.6
Ranged Weapons | 5 6 7 8 |  8.0
Fighting       | 3 |  3.7
Invocations    | 3 4 |  4.0
Stealth        | |  1.5

Action                     |  1- 3 |  4- 6 |  7- 9 || total
---------------------------+-------+-------+-------++-------
   Fire: Shortbow          |   110 |   216 |   165 ||   491
 Invoke: Heroism           |       |       |     2 ||     2
  Evoke: Wand              |       |       |     6 ||     6
    Use: Scroll            |     4 |       |       ||     4
         Potion            |       |     3 |     3 ||     6
 Armour: Robe              |    17 |    35 |    39 ||    91
  Dodge: Dodged            |    56 |   117 |   132 ||   305

Table legend:
 A = Non-vault XP
 B = Vault XP
 C = Vault XP percentage of total XP
 D = Non-vault monster count
 E = Vault monster count
 F = Vault count percentage of total count
                 A         B        C        D         E       F
            +---------+---------+-------+---------+---------+-------
      Total |    1518 |     584 |  27.8 |      95 |      44 |  31.7
            +---------+---------+-------+---------+---------+-------
        D:1 |      28 |       2 |   6.7 |      16 |       1 |   5.9
        D:2 |      68 |     297 |  81.4 |      21 |      20 |  48.8
        D:3 |      99 |      71 |  41.8 |      21 |      17 |  44.7
        D:4 |     227 |      35 |  13.4 |      20 |       1 |   4.8
        D:5 |     870 |     179 |  17.1 |      13 |       5 |  27.8
        D:6 |     226 |       0 |   0.0 |       4 |       0 |   0.0
            +---------+---------+-------+---------+---------+-------
